 Dungeon Crawl Stone Soup version 0.25-a0-975-gcae8493d64 (webtiles) character file.

Game seed: 13036229078810391630, levelgen mode: deterministic

105 Flugslaktarn the Skirmisher (level 4, -4/40 HPs)
             Began as a Minotaur Fighter on May 9, 2020.
             Slain by an ogre
             ... wielding a cursed -3 giant club
              (9 damage)
             ... on level 4 of the Dungeon.
             The game lasted 00:00:42 (884 turns).

Flugslaktarn the Skirmisher (Minotaur Fighter)       Turns: 884, Time: 00:00:43

Health: -4/40      AC: 11    Str: 18 (21) XL:     4   Next: 53%
Magic:  3/3        EV:  3    Int:  4 (5)  God:
Gold:   27         SH:  9    Dex:  9 (10) Spells: 3/3 levels left

rFire    . . .     SeeInvis .   a - +0 war axe
rCold    . . .     Gourm    .   c - +0 kite shield
rNeg     . . .     Faith    .   i - +0 plate armour
rPois    .         Spirit   .   (helmet restricted)
rElec    .         Reflect  .   (no cloak)
rCorr    .         Harm     .   (no gloves)
MR       .....                  (no boots)
Stlth    ..........             (no amulet)
HPRegen  0.13/turn              (no ring)
MPRegen  0.08/turn              (no ring)

@: no status effects
A: retaliatory headbutt, horns 2
a: no special abilities


You were on level 4 of the Dungeon.
You were not hungry.

You visited 1 branch of the dungeon, and saw 4 of its levels.

You collected 27 gold pieces.

Inventory:

Hand Weapons
 a - a +0 war axe (weapon)
Armour
 c - a +0 kite shield (worn)
 i - a +0 plate armour (worn)
   (You found it on level 1 of the Dungeon)
Scrolls
 f - 2 scrolls of remove curse {unknown}
 g - 2 scrolls of blinking {unknown}
 h - a scroll of identify {unknown}
 k - a scroll of amnesia {unknown}
 m - 2 scrolls of noise {unknown}
Potions
 d - a potion of might
Comestibles
 e - 2 rations


   Skills:
 + Level 4.3 Fighting
 * Level 4.1 Axes
 + Level 4.3 Armour
 + Level 4.3 Shields


You had 3 spell levels left.
You didn't know any spells.
Your spell library was empty.

Dungeon Overview and Level Annotations

Branches:
Dungeon (4/15)
 Temple: D:4-7

Altars:
Nemelex Xobeh

Annotations:
D:4 Sigmund


Innate Abilities, Weirdness & Mutations

You reflexively headbutt those who attack you in melee.
You have a pair of horns on your head.


Message History

You closely miss the ogre.
Sigmund shouts!
Your headbutt misses the ogre. You closely miss the adder.
The adder bites you but does no damage.
The ogre hits you with a cursed -3 giant club!
You block the adder's attack.
You hit the ogre but do no damage. Your headbutt misses the ogre.
You closely miss the adder.
The ogre hits you with a cursed -3 giant club!
The adder bites you but does no damage. You block the adder's attack.
You completely miss the ogre. Your headbutt misses the ogre.
You miss the adder.
The ogre hits you with a cursed -3 giant club!
* * * LOW HITPOINT WARNING * * *
Sigmund mumbles some strange words.
Sigmund flickers and vanishes!
Deactivating autopickup; reactivate with Ctrl-A.
You block the adder's attack.
The ogre hits you with a cursed -3 giant club!
You die...

..........#. #..
...........( #>.
##.......#. #..
#.......... #..
#.......[.. #..
#.#.###.####. #..###
#.#. #.####.
#####..S.##.#..###......
..{{..O@...###>....####<
#####....%#.#.......###.
.....#.#†##^...........
######.#.####......####
#.#.#####....## #
#.#.#........# #
#)#.#.####.### # ..#.#.#
#.# # ###...# #.#######


You could see an ogre and an adder.

Vanquished Creatures
  A scorpion (D:4)
  2 adders
  An adder skeleton (D:4)
  A worm (D:3)
  A dart slug (D:4)
  A leopard gecko (D:3)
  3 bats
  3 goblins
  6 hobgoblins
  3 kobolds
  A quokka (D:2)
  A frilled lizard (D:4)
  6 rats
30 creatures vanquished.

Notes
Turn   | Place    | Note
-------+----------+-------------------------------------------
     0 | D:1      | Flugslaktarn the Minotaur Fighter began the quest for the
                  | Orb.
     0 | D:1      | Reached XP level 1. HP: 19/19 MP: 0/0
    52 | D:1      | Reached XP level 2. HP: 16/27 MP: 1/1
   370 | D:3      | Reached XP level 3. HP: 33/33 MP: 2/2
   566 | D:3      | Found a sparkling altar of Nemelex Xobeh.
   728 | D:4      | Noticed a scorpion
   737 | D:4      | Killed a scorpion
   737 | D:4      | Reached XP level 4. HP: 27/40 MP: 3/3
   876 | D:4      | Noticed an ogre
   881 | D:4      | Noticed Sigmund
   884 | D:4      | Slain by an ogre

Illustrated notes

Levels and vault maps discovered:
D:1:      dpeg_arrival_rooms_a, layout_loops_ring, minmay_box_of_dots
D:2:      layout_basic, lemuel_coloured_pillars_altar,
          ashenzari_conservatory_becter, uniq_robin
D:3:      layout_rooms, good_gods_temple_1, nemelex_xobeh_ov_fountains_minmay,
          overflow_temple_1_default, first_ration
D:4:      layout_loops_ring, nicolae_dithmenos_shadow_blocks, uniq_sigmund

Skill      XL: |  1  2  3 |
---------------+----------+-----
Axes           | 3 4 |  4.1
Fighting       | 4 |  4.3
Shields        | 4 |  4.3
Armour         | 4 |  4.3

Action                   |  1- 3 |  4- 6 || total
-------------------------+-------+-------++-------
Melee: War axe           |    71 |     7 ||    78
       Headbutt          |    13 |       ||    13
  Use: Potion            |       |     3 ||     3
Armor: Scale mail        |     2 |       ||     2
       Plate armour      |    42 |     6 ||    48
Dodge: Dodged            |    10 |     2 ||    12
Block: Kite shield       |    32 |     5 ||    37

Table legend:
 A = Non-vault XP
 B = Vault XP
 C = Vault XP percentage of total XP
 D = Non-vault monster count
 E = Vault monster count
 F = Vault count percentage of total count
                 A         B        C        D         E       F
            +---------+---------+-------+---------+---------+-------
      Total |     150 |       0 |   0.0 |      30 |       0 |   0.0
            +---------+---------+-------+---------+---------+-------
        D:1 |      18 |       0 |   0.0 |      10 |       0 |   0.0
        D:2 |      22 |       0 |   0.0 |       7 |       0 |   0.0
        D:3 |      30 |       0 |   0.0 |       9 |       0 |   0.0
        D:4 |      80 |       0 |   0.0 |       4 |       0 |   0.0
            +---------+---------+-------+---------+---------+-------
